 Dungeon Crawl Stone Soup version 0.26-a0-774-g1415c89e12 (webtiles) character file.

Game seed: 9628707533635353937

51 Bliebski the Insei (level 3, 0/24 HPs)
             Began as an Octopode Transmuter on Nov 9, 2020.
             Succumbed to an adder's poison
             ... on level 2 of the Dungeon.
             The game lasted 00:03:32 (1137 turns).

Bliebski the Insei (Octopode Transmuter)            Turns: 1137, Time: 00:03:33

Health: 0/24       AC:  1    Str:  9    XL:     3   Next: 83%
Magic:  6/6        EV: 14    Int: 15    God:
Gold:   60         SH:  5    Dex: 13    Spells: 5/6 levels left

rFire    . . .     SeeInvis .     - Unarmed
rCold    . . .     Faith    .   (no shield)
rNeg     . . .     Spirit   .   (helmet restricted)
rPois    .         Reflect  +   d - amulet of reflection (curse)
rElec    .         Harm     .   (no ring)
rCorr    .         Rampage  .   (no ring)
MR       .....                  (no ring)
Stlth    ++........             (no ring)
HPRegen  0.08/turn              (no ring)
MPRegen  0.10/turn              (no ring)
                                (no ring)
                                (no ring)

@: lethally poisoned (0 -> -6)
A: almost no armour, stealthy swim, amphibious, 8 rings, constrict 8, camouflage
1, gelatinous body 1
a: no special abilities


You were on level 2 of the Dungeon.
You visited 1 branch of the dungeon, and saw 2 of its levels.

You collected 60 gold pieces.

Inventory:

Missiles
 a - 3 javelins (quivered)
 c - 92 stones
Jewellery
 d - a cursed amulet of reflection (around mantle)
Scrolls
 b - 2 scrolls of identify
 h - 2 scrolls of enchant weapon


   Skills:
 + Level 1.7 Fighting
 + Level 2.4 Dodging
 + Level 3.4 Unarmed Combat
 + Level 2.4 Spellcasting
 + Level 2.4 Transmutations


You had 5 spell levels left.
You knew the following spells:

 Your Spells              Type           Power        Failure   Level
a - Beastly Appendage     Tmut           #.....       8%          1

Your spell library contained the following spells:

 Spells                   Type           Power        Failure   Level
 Wereblood                Tmut           #.......     12%         2
 Spider Form              Tmut/Pois      #.........   36%         3
 Ice Form                 Ice/Tmut       #.......     77%         4
 Blade Hands              Tmut           #.........   91%         5


Dungeon Overview and Level Annotations

Branches:
Dungeon (2/15)

Altars:


Innate Abilities, Weirdness & Mutations

You cannot wear most types of armour.
You are very stealthy in the water. (Stealth+)
You are amphibious.
You can wear up to eight rings at the same time.
You can use your tentacles to constrict eight enemies at once.
Your skin changes colour to match your surroundings (Stealth+).
Your rubbery body absorbs attacks. (AC +1, EV +1)


Message History

As you read the scroll labeled HAUDIW PY XYZ, it crumbles to dust.
It is a scroll of identify.
h - 2 scrolls of enchant weapon
As you read the scroll labeled RIC MAEVVOLIO, it crumbles to dust.
It is a scroll of enchant armour.
You aren't carrying any armour which can be enchanted further.
* * * LOW HITPOINT WARNING * * *
You feel sick.
As you read the scroll labeled PAAG FUMEIGH, it crumbles to dust.
You feel strangely unstable.
It was a scroll of teleportation.
* * * LOW HITPOINT WARNING * * *
You feel sick.
As you read the scroll labeled LAGIFU VIKKE, it crumbles to dust.
You feel aware of your surroundings.
You sensed 1 altar.
It was a scroll of magic mapping.
There is a lethal amount of poison in your body!
Your surroundings suddenly seem different.
* * * LOW HITPOINT WARNING * * *
You feel sick.
You die...

# **,** **,,****,,,,,****,**,* *,
# **,***,*,*****,,,** *,**,***, #
**,*,**,,,,,,,,** *,,,,,,,, #
**,**********,* *,,,,,,,, #
*,,,,,,* *,* *,**,***, *,,***,*
##+## *,**,***, *,,* *,* ##...##
*,**,,,*, *,,***,* ##.....#
*,****,*, *,,,,,,**#.@#####* ***
*,*,
#####**,,,***#...#***8***8****,*,
......,,,,,,,+...#*8,,,8,,,8**<,,
######*,,,***#...#*,,,,,,,,,**,**
*,,** ##..#_,,,,,,,,,>*,,* *,**
##.##,,,,,,,,,**,,* *,*
####8,,,8,,,8***,* **,*
***8***8*** *,* *,,* ****** ***
*,*


There were no monsters in sight!

Vanquished Creatures
  2 adders (D:2)
  A dart slug (D:1)
  3 bats (D:1)
  5 giant cockroaches
  5 goblins (D:1)
  3 hobgoblins (D:1)
  5 frilled lizards
  7 rats (D:1)
31 creatures vanquished.

Notes
Turn   | Place    | Note
-------+----------+-------------------------------------------
     0 | D:1      | Bliebski the Octopode Transmuter began the quest for the
                  | Orb.
     0 | D:1      | Reached XP level 1. HP: 13/13 MP: 3/3
   223 | D:1      | Reached XP level 2. HP: 16/18 MP: 3/5
   557 | D:1      | Reached XP level 3. HP: 23/23 MP: 4/6
  1135 | D:2      | HP: 1/24 [poisoned by an adder]
  1137 | D:2      | Succumbed to an adder's poison

Illustrated notes

Levels and vault maps discovered:
D:1:      dpeg_arrival_rooms_b, layout_loops_cross
D:2:      layout_loops_corners, nicolae_overflow_hidden_temple, uniq_sigmund,
          uniq_natasha

Action                   || total
-------------------------++-------
Melee: Unarmed           ||    68
       Kick              ||    14
       Constrict         ||    16
       Tentacles         ||     7
Throw: Javelin           ||     1
 Cast: Beastly Appendage ||    21
  Use: Scroll            ||     4
 Stab: Sleeping          ||     6
Armor: Skin              ||     7
Dodge: Dodged            ||    51
Block: Other             ||     3

Table legend: (Time is in decaauts)
 A = Elapsed time spent in this place.
 B = Non-inter-level travel time spent in this place.
 C = Inter-level travel time spent in this place.
 D = Time resting spent in this place.
 E = Time spent auto-exploring this place.
 F = Levels seen in this place.
 G = Mean time per level.
                   A        B        C        D        E       F      G
               +--------+--------+--------+--------+--------+-----+--------+
         Total |   1133 |   1118 |     15 |     78 |    831 |   2 |  566.5 |
       Dungeon |   1133 |   1118 |     15 |     78 |    831 |   2 |  566.5 |
               +--------+--------+--------+--------+--------+-----+--------+

Top non-repeatable levels by time:
     D:1: 994 daAuts
     D:2: 139 daAuts
